 Dungeon Crawl Stone Soup version 0.18.1-50-g88ac8fd (webtiles) character file.

456 Drunkenshrew the Grave Robber (level 6, -15/52 HPs)
             Began as a Deep Dwarf Necromancer on Oct 24, 2016.
             Demolished by Kwzr's ghost (31 damage)
             ... on level 5 of the Dungeon.
             The game lasted 00:16:40 (3210 turns).

Drunkenshrew the Grave Robber (DDNe)                Turns: 3210, Time: 00:16:40

Health: -15/52     AC:  7    Str: 11    XL:     6   Next: 77%
Magic:  9/9        EV: 12    Int: 20    God:
Gold:   213        SH:  0    Dex: 13    Spells: 1 memorised, 6 levels left

rFire  . . .     SeeInvis .     r - +1 dagger (venom)
rCold  . . .     Gourm    .     (no armour)
rNeg   . . .     Faith    .     (no shield)
rPois  .         Spirit   .     (no helmet)
rElec  .         Dismiss  .     k - +2 cloak
rCorr  .         Reflect  .     (no gloves)
SustAt .         Harm     .     (no boots)
MR     .....                    e - amulet of rage
Stlth  ++........               p - +2 ring of intelligence
                                o - +4 ring of protection

@: non-regenerating, not resistant to hostile enchantments, unstealthy
A: damage resistance, recharge devices, sense surroundings 1, slow regeneration
3
a: Device Recharging, Evoke Berserk Rage


You were on level 5 of the Dungeon.
You were not hungry.

You visited 1 branch of the dungeon, and saw 5 of its levels.

You collected 213 gold pieces.

Inventory:

Hand Weapons
 g - a +0 club
 r - a +1 dagger of venom (weapon)
Armour
 a - a +0 shield
 k - a +2 cloak (worn)
 s - a +1 chain mail of fire resistance
Jewellery
 e - an amulet of rage (around neck)
 i - an uncursed ring of ice
 o - a +4 ring of protection (left hand)
 p - a +2 ring of intelligence (right hand)
Wands
 c - a wand of heal wounds (1/9)
 m - a wand of iceblast (2/15)
Scrolls
 f - 3 scrolls of identify
 w - a scroll of teleportation
Potions
 h - a potion of cancellation
 l - 2 potions of curing
 q - a potion of brilliance
 t - a potion of invisibility
 u - a potion of lignification
 z - a potion of ambrosia {unknown}
Books
 b - a book of Necromancy

   Spells                             Type                      Level
   a - Pain                           Necromancy                   1
   b - Animate Skeleton               Necromancy                   1
   c - Vampiric Draining              Necromancy                   3
   d - Regeneration                   Charms/Necromancy            3
   e - Animate Dead                   Necromancy                   4
   f - Control Undead                 Necromancy                   4
Comestibles
 d - 2 bread rations
 n - a royal jelly
 v - a beef jerky
 x - a meat ration


   Skills:
 - Level 2.0 Fighting
 - Level 5.0 Armour
 - Level 2.1 Dodging
 + Level 2.4 Stealth
 - Level 1.5 Shields
 - Level 2.0 Spellcasting
 - Level 6.2 Necromancy


You had 6 spell levels left.
You knew the following spells:

 Your Spells              Type           Power        Failure   Level  Hunger
b - Vampiric Draining     Necr           ####......   4%          3    ###....


Dungeon Overview and Level Annotations

Branches:
Dungeon (5/15)
 Temple: D:4-7

Altars:

Annotations:
D:5 Kwzr's ghost, novice OgHu


Innate Abilities, Weirdness & Mutations

You are resistant to damage.
You can recharge devices by infusing magical energy.
You passively map a small area around you.
You do not regenerate naturally.


Message History

You kill the orc!
No target in view!
Things that are here:
a dagger; a ring mail There isn't anything to butcher here.
You now have 173 gold pieces (gained 13).
You now have 188 gold pieces (gained 15).
You now have 194 gold pieces (gained 6).
You now have 213 gold pieces (gained 19).
Found 5 large rocks.
Kwzr's ghost (novice Ogre Hunter) comes into view.
Kwzr's ghost turns its malevolent gaze towards you.
Found a stone staircase leading down.
Drink which item? (? for menu, Esc to quit)
Okay, then.
You hit Kwzr's ghost but do no damage. Kwzr's ghost hits you!
You closely miss Kwzr's ghost. Kwzr's ghost misses you.
You hit Kwzr's ghost but do no damage. Kwzr's ghost hits you!!
Ouch! That really hurt!
You die...

#.#...#.# #.#.# #..#
#.#.#...###.#.###..#
#..................#
####..##########...#
#..# ##.### *
##..########..# ,
............## ,
,........##### *
,........@# ,
..(....W# ........#
........# ,
........# .....>..#
, ........#
........#


You could see Kwzr's ghost.

Vanquished Creatures
  An ogre (D:4)
  A crimson imp (D:5)
  A giant frog skeleton (D:4)
  3 hounds (D:4)
  An iguana (D:4)
  5 gnolls (D:4)
  5 adders
  2 oozes (D:1)
  A worm (D:3)
  7 dart slugs
  3 giant geckos
  4 orcs
  A ball python (D:3)
  7 bats
  3 giant cockroaches
  6 goblins
  10 hobgoblins
  2 quokkas
  3 giant newts
  7 kobolds
  8 rats
81 creatures vanquished.

Notes
Turn   | Place    | Note
--------------------------------------------------------------
     0 | D:1      | Drunkenshrew the Deep Dwarf Necromancer began the quest for the Orb.
     0 | D:1      | Reached XP level 1. HP: 15/15 MP: 3/3
    99 | D:1      | Reached XP level 2. HP: 11/22 MP: 1/5
   131 | D:1      | Reached skill level 5 in Necromancy
   221 | D:1      | Reached XP level 3. HP: 17/28 MP: 2/6
   275 | D:1      | Learned a level 3 spell: Vampiric Draining
  1015 | D:2      | Reached skill level 6 in Necromancy
  1102 | D:2      | Reached XP level 4. HP: 30/36 MP: 0/7
  1648 | D:3      | Reached skill level 1 in Fighting
  2202 | D:4      | Reached XP level 5. HP: 20/45 MP: 8/8
  2212 | D:4      | Reached skill level 1 in Armour
  2616 | D:4      | Noticed an ogre
  2621 | D:4      | HP: 1/45 [ogre/giant club (6)]
  2629 | D:4      | Killed an ogre
  2629 | D:4      | Reached XP level 6. HP: 3/52 MP: 9/9
  2868 | D:4      | Reached skill level 5 in Armour
  3049 | D:5      | Entered Level 5 of the Dungeon
  3088 | D:5      | Reached skill level 1 in Shields
  3205 | D:5      | Noticed Kwzr's ghost (novice OgHu)
  3210 | D:5      | Demolished by Kwzr's ghost

Skill      XL: |  1  2  3  4  5  6 |
---------------+-------------------+-----
Spellcasting   | 2 |  2.0
Necromancy     | 5 6 |  6.2
Fighting       | 2 |  2.0
Armour         | 4 5 |  5.0
Shields        | 1 |  1.5
Dodging        | |  2.1
Stealth        | |  2.4

Action                   |  1- 3 |  4- 6 || total
-------------------------+-------+-------++-------
Melee: Unarmed           |    46 |       ||    46
       Club              |    62 |     9 ||    71
       Dagger            |       |   200 ||   200
 Cast: Pain              |    19 |       ||    19
       Vampiric Draining |    15 |    11 ||    26
Evoke: Wand              |     1 |     5 ||     6
  Use: Scroll            |       |    14 ||    14
 Stab: Sleeping          |       |     2 ||     2
  Eat: Chunk             |     3 |     9 ||    12
Armor: Robe              |    20 |       ||    20
       Leather armour    |    12 |     1 ||    13
       Chain mail        |       |    67 ||    67
       Skin              |       |    11 ||    11
Dodge: Dodged            |   100 |    79 ||   179
